 Dungeon Crawl Stone Soup version 0.27-a0-1200-g94dc6ad4cf (webtiles) character file.

Game seed: 6220762324017012295

52335 wakim the Fighter (level 15, -32/113 HPs)
             Began as a Djinni Conjurer on May 31, 2021.
             Was a High Priest of Makhleb.
             Killed from afar by Azrael (40 damage)
             ... with damnation
             ... on level 12 of the Dungeon on June 1, 2021.
             The game lasted 01:15:26 (20098 turns).

wakim the Fighter (Djinni Conjurer)                Turns: 20098, Time: 01:15:26

Health: -32/113    AC: 14    Str:  6    XL:     15   Next: 5%
Gold:   1696       EV: 13    Int: 23    God:    Makhleb [*****.] SH: 15 Dex: 16

rFire    + + +     SeeInvis +   b - staff of conjuration
rCold    x . .     Faith    .   n - +0 tower shield
rNeg     . . .     Spirit   .   A - +2 ring mail of the Pink Corner {rF+ Slay-2 SInv}
rPois    ∞         Reflect  .   i - +1 helmet
rElec    +         Harm     .   k - +0 cloak
rCorr    .         Rampage  .   q - +2 pair of gloves {archery}
Will     ++...                  (boots unavailable)
Stlth    +.........             o - amulet of regeneration
HPRegen  1.28/turn              L - ring of Sunlight {rElec EV+4 Int-2 Dex+3}
MPRegen  0.00/turn              j - ring of willpower

@: flying
A: sickness immunity, fire resistance 2, cold vulnerability 1, float, innate
caster, hp casting, extra vitality 1
a: Renounce Religion, Minor Destruction, Lesser Servant of Makhleb, Major
Destruction, Greater Servant of Makhleb


You were on level 12 of the Dungeon.
You worshipped Makhleb.
Makhleb was extremely pleased with you.
You visited 3 branches of the dungeon, and saw 19 of its levels.
You also visited: Sewer.

You collected 1932 gold pieces.
You spent 236 gold pieces at shops.

Inventory:

Hand Weapons
 a - the +11 quarterstaff of Impatience {vorpal, rC+ SInv}
   (You found it on level 8 of the Dungeon)

   It inflicts extra damage upon your enemies.
   It protects you from cold.
   It lets you see invisible.
 O - the +6 quarterstaff of Qecvoydgh {vorpal, rElec Will+ Dex+3}
   (You found it on level 11 of the Dungeon)

   It inflicts extra damage upon your enemies.
   It affects your dexterity (+3).
   It insulates you from electricity.
   It increases your willpower.
Missiles
 p - 5 boomerangs of dispersal {=f!f}
 N - a curare-tipped dart {=f}
Armour
 d - the +1 robe of Beogh's Condemnation {rElec rPois Int+2}
   (You found it on level 8 of the Dungeon)

   It affects your intelligence (+2).
   It insulates you from electricity.
   It protects you from poison.
 i - a +1 helmet (worn)
 k - a +0 cloak (worn)
 n - a +0 tower shield (worn)
 q - a +2 pair of gloves of archery (worn)
 A - the +2 ring mail of the Pink Corner (worn) {rF+ Slay-2 SInv}
   (You found it on level 3 of the Lair of Beasts)

   It affects your accuracy and damage with ranged weapons and melee attacks
   (-2).
   It protects you from fire.
   It lets you see invisible.
Magical Staves
 b - a staff of conjuration (weapon)
 z - a staff of earth
 P - a staff of fire
Jewellery
 f - a ring of willpower
 g - a +4 ring of slaying
 j - a ring of willpower (right hand)
 m - an amulet of reflection
 o - an amulet of regeneration (around neck)
 s - a +4 ring of protection
 G - a +6 ring of dexterity
 L - the ring of Sunlight (left hand) {rElec EV+4 Int-2 Dex+3}
   (You found it on level 4 of the Lair of Beasts)

   [ring of evasion]

   It affects your evasion (+4).
   It affects your intelligence (-2).
   It affects your dexterity (+3).
   It insulates you from electricity.
Wands
 r - a wand of iceblast (7)
 t - a wand of digging (8)
 u - a wand of mindburst (43)
 v - a wand of flame (35)
 w - a wand of acid (10)
 x - a wand of charming (13)
 y - a wand of paralysis (5)
Scrolls
 e - 5 scrolls of enchant weapon
 l - 2 scrolls of enchant armour
 R - 2 scrolls of magic mapping {!r}
 S - a scroll of summoning
 T - 5 scrolls of teleportation
 U - 3 scrolls of fear
 X - a scroll of fog
 Y - 6 scrolls of blinking {!r}
Potions
 c - a potion of resistance {unknown}
 h - a potion of lignification {unknown}
 B - 5 potions of attraction {!q}
 C - 2 potions of berserk rage {!q}
 D - 5 potions of brilliance
 E - 2 potions of cancellation
 F - 6 potions of curing
 H - 4 potions of haste
 I - 2 potions of invisibility
 J - 2 potions of heal wounds
 K - 2 potions of magic
 M - a potion of mutation {!q}


   Skills:
 + Level 12.6 Fighting
 - Level 4.0 Armour
 - Level 8.0 Dodging
 - Level 1.5 Stealth
 + Level 10.5 Shields
 * Level 12.3 Spellcasting
 - Level 8.1 Invocations


You couldn't memorise any spells.
You knew the following spells:

 Your Spells              Type           Power      Damage    Failure   Level
a - Magic Dart            Conj           100%       1d8       1%          1
b - Dazzling Flash        Conj/Hex       100%       N/A       1%          3
c - Shock                 Conj/Air       100%       1d9       1%          1
d - Corpse Rot            Necr/Air       N/A        N/A       1%          2
e - Summon Guardian Gole  Hex/Summ       63%        N/A       1%          3
f - Tukima's Dance        Hex            63%        N/A       1%          3
g - Iron Shot             Conj/Erth      41%        9d8       69%         6
q - Sticky Flame          Conj/Fire      82%        2d9       6%          4
s - Searing Ray           Conj           100%       3d7       1%          2
w - Summon Mana Viper     Hex/Summ       63%        N/A       19%         5
x - Iskenderun's Mystic   Conj/Tloc      82%        2d16      6%          4
z - Fulminant Prism       Conj/Hex       41%        3d20      6%          4
Your spell library was empty.

Dungeon Overview and Level Annotations

Branches:
Dungeon (12/15)            Temple (1/1) D:7            Lair (6/6) D:8
 Shoals (0/4) Lair:3       Spider (0/4) Lair:4        Slime (0/5) Lair:5
    Orc (0/2) D:9           Sewer (visited)

Altars:
Ashenzari
Cheibriados
Dithmenos
Elyvilon
Fedhas
Gozag
Hepliaklqana
Kikubaaqudgha
Makhleb
Nemelex Xobeh
Okawaru
Qazlal
Ru
Sif Muna
Trog
Uskayaw
Vehumet
Wu Jian
Xom
Yredelemnul
Zin
The Shining One

Shops:
D:9 *

Annotations:
D:12 Azrael


Innate Abilities, Weirdness & Mutations

You are immune to sickness and miasma.
You are immune to poison.
Your flesh is very heat resistant. (rF++)
You are vulnerable to cold. (rC-)
You float through the air rather than walking.
You learn spells naturally, not from books.
Your magical power is your life essence.
You have superior vitality. (+4 HP)


Message History

Press: ? - help, Shift-Dir - straight line, f - boulder beetle, p - Azrael
Aim: a boulder beetle (severely wounded, 100% to hit)
You feel a surge of power!
The sticky flame hits the boulder beetle but does no damage.
The boulder beetle is severely wounded.
The boulder beetle is covered in liquid flames!
* * * LOW HITPOINT WARNING * * *
The boulder beetle burns!
The boulder beetle closely misses you.
The boulder beetle burns!
The boulder beetle misses you.
The boulder beetle burns!
The boulder beetle closely misses you.
The boulder beetle burns!
The boulder beetle burns!
Azrael's eyes look fiery.
The boulder beetle burns!
Azrael gestures at you.
The sphere of damnation explodes!
The damnation engulfs you!!!
* * * LOW HITPOINT WARNING * * *
You see here a +0 mace.
The boulder beetle burns!
The boulder beetle stops burning.
Things that are here:
a +0 great mace; a +0 giant club The boulder beetle curls into a ball and begins rolling!
You block the boulder beetle's attack.
The boulder beetle stops rolling and uncurls.
Casting: Sticky Flame (dangerous; 6% risk of failure)
Confirm with . or Enter, or press ? or * to list all spells.
Aiming: Sticky Flame (dangerous; 6% risk of failure)
Press: ? - help, Shift-Dir - straight line, f/p - boulder beetle
Aim: a boulder beetle (almost dead, 100% to hit)
You feel a surge of power!
The sticky flame hits the boulder beetle.
The boulder beetle is almost dead.
The boulder beetle is covered in liquid flames!
* * * LOW HITPOINT WARNING * * *
The boulder beetle burns!
You block the boulder beetle's attack.
The boulder beetle burns!
The boulder beetle burns!
Azrael gestures at you.
The sphere of damnation explodes!
The damnation engulfs you!!!
You die...

#.....###○.......#
#.......°........#
#......R.###......
#........###..####
######........+....(...
#.............####..###
#.......B.....# ##.#
#.............# #J#
#.....@.......# #.##
####........###### #..#
#.....?.....# ##(#
#.########### #######.#
#.# ....J...# #.#
....JJ..# #.# ........#
#.######### .........
#.#(......# .........


You could see Azrael and a boulder beetle (burning).

Vanquished Creatures
  Nessos (Lair:5)
  Snorg (Lair:3)
  A boulder beetle (Lair:1)
  7 hydras
  2 catoblepae
  2 two-headed ogres
  A deep troll shaman (Lair:5)
  3 death yaks
  Nergalle (Lair:1)
  A lindwurm (Lair:6)
  A deep elf pyromancer (D:9)
  2 cyclopes
  3 slime creatures (D:12)
  9 elephants (Lair:6)
  A merfolk siren (Lair:3)
  A manticore (D:11)
  A gargoyle (D:12)
  2 black mambas (Lair:6)
  6 cane toads
  2 torpor snails
  An efreet (D:10)
  5 rime drakes
  8 komodo dragons
  5 jumping spiders (Lair:4)
  A troll (D:10)
  A tyrant leech (D:10)
  7 dream sheep (Lair:6)
  10 blink frogs
  Prince Ribbit (D:7)
  3 spriggans (Lair:6)
  3 vampires (D:10)
  Sigmund (D:3)
  3 redbacks (Lair:4)
  A wraith (D:11)
  A shadow (D:11)
  48 yaks
  3 fire elementals (D:12)
  7 basilisks
  4 wyverns
  A steam dragon (D:9)
  10 vampire mosquitoes
  4 hell hounds (D:12)
  13 water moccasins
  3 hornet zombies (D:7)
  3 orc warriors
  Duvessa (D:6)
  2 ogres
  4 black bears
  An ice beast (D:7)
  3 necrophages
  16 wolves
  3 centaurs
  A kobold brigand (D:11)
  A phantom (D:4)
  12 bullfrogs
  A gnoll sergeant (D:11)
  2 scorpions (D:6)
  A wyvern skeleton (D:6)
  Dowan (D:6)
  8 killer bees (D:9)
  An electric eel (Lair:1)
  A howler monkey (D:12)
  2 bullfrog zombies
  2 hounds
  5 centaur zombies
  4 jellies
  6 orc priests
  Crazy Yiuf (D:2)
  Jessica (D:3)
  2 centaur skeletons
  Natasha (thrice) (D:2)
  An iguana (D:4)
  4 orc wizards
  4 killer bee zombies
  Robin (D:2)
  A howler monkey skeleton (D:7)
  A howler monkey zombie (D:10)
  3 gnolls (D:11)
  5 adders
  A river rat (Lair:2)
  2 shadow imps
  11 worms
  4 dart slugs
  16 orcs
  10 endoplasms
  8 giant cockroaches
  11 goblins
  13 hobgoblins
  4 jackals (Sewer)
  2 quokkas
  8 ball pythons
  15 bats
  2 frilled lizards
  18 kobolds
  3 rats
428 creatures vanquished.

Vanquished Creatures (collateral kills)
  2 two-headed ogres
  A black mamba (Lair:6)
  2 komodo dragons (Lair:6)
  2 yaks (Lair:6)
  A water moccasin (Lair:6)
8 creatures vanquished.

Vanquished Creatures (others)
  14 fulminant prisms
  14 fungi
  54 plants
82 creatures vanquished.

Grand Total: 518 creatures vanquished

Notes
Turn   | Place    | Note
-------+----------+-------------------------------------------
     0 | D:1      | wakim the Djinni Conjurer began the quest for the Orb.
     0 | D:1      | Reached XP level 1. HP: 15/15 MP: 0/0
   623 | D:1      | Reached XP level 2. HP: 18/22 MP: 0/0
  1199 | D:2      | Noticed Natasha
  1204 | D:2      | Reached skill level 1 in Fighting
  1220 | D:2      | Noticed a crimson imp
  1220 | D:2      | Killed Natasha
  1221 | D:2      | Reached XP level 3. HP: 12/27 MP: 0/0
  1221 | D:2      | Learned a level 1 spell: Shock
  1670 | D:2      | Reached XP level 4. HP: 27/32 MP: 0/0
  1865 | D:2      | Noticed Natasha
  1871 | D:2      | Killed Natasha
  2043 | D:2      | Reached XP level 5. HP: 33/38 MP: 0/0
  2043 | D:2      | Learned a level 2 spell: Corpse Rot
  2177 | D:2      | Noticed Natasha
  2188 | D:2      | Killed Natasha
  2507 | D:2      | Noticed Robin
  2522 | D:2      | Killed Robin
  2733 | D:2      | Found a faded altar of an unknown god.
  2776 | D:2      | Found a runed translucent door.
  2777 | D:2      | Noticed Crazy Yiuf
  2786 | D:2      | Killed Crazy Yiuf
  2787 | D:2      | Reached XP level 6. HP: 12/45 MP: 0/0
  3234 | D:3      | Noticed Sigmund
  3237 | D:3      | You are sucked into a shaft and drop 3 floors!
  3269 | D:6      | Reached skill level 5 in Spellcasting
  3383 | D:6      | Noticed Duvessa
  3476 | D:6      | Noticed a water moccasin
  3482 | D:6      | Killed a water moccasin
  3483 | D:6      | Reached skill level 1 in Shields
  3483 | D:6      | Reached XP level 7. HP: 37/50 MP: 0/0
  3483 | D:6      | Learned a level 3 spell: Summon Guardian Golem
  3944 | D:6      | Noticed Dowan
  4000 | D:6      | Killed Dowan
  4001 | D:6      | Killed Duvessa
  4002 | D:6      | Reached XP level 8. HP: 39/58 MP: 0/0
  4890 | D:5      | Entered Level 5 of the Dungeon
  5349 | D:5      | Reached skill level 5 in Fighting
  6053 | D:4      | Reached XP level 9. HP: 47/65 MP: 0/0
  6053 | D:4      | Learned a level 3 spell: Tukima's Dance
  6498 | D:4      | Found a glowing drain.
  6507 | Sewer    | Entered a sewer
  7660 | D:3      | Noticed Jessica
  7686 | D:3      | Found a broken altar of Ashenzari.
  7691 | D:3      | Killed Jessica
  7867 | D:3      | Killed Sigmund
  7868 | D:3      | Reached skill level 5 in Shields
  8743 | D:7      | Noticed Prince Ribbit
  8754 | D:7      | Killed Prince Ribbit
  8902 | D:7      | Reached XP level 10. HP: 68/73 MP: 0/0
  9053 | D:7      | Found a blossoming altar of Fedhas.
  9224 | D:7      | Found a basalt altar of Yredelemnul.
  9604 | D:7      | Found a staircase to the Ecumenical Temple.
  9618 | Temple   | Entered the Ecumenical Temple
  9679 | Temple   | Became a worshipper of Makhleb the Destroyer
 10032 | D:8      | Identified the +1 robe of Beogh's Condemnation {rElec rPois
                  | Int+2}
 10056 | D:8      | Found a staircase to the Lair.
 10102 | D:8      | Identified a scroll of acquirement
 10102 | D:8      | Acquired 885 gold pieces
 10375 | D:8      | Reached skill level 1 in Invocations
 10485 | D:8      | Identified the +11 quarterstaff of Impatience {vorpal, rC+
                  | SInv}
 10558 | D:8      | Noticed a komodo dragon
 10570 | D:8      | Killed a komodo dragon
 10835 | D:9      | Identified the +0 leather armour of Jujusufi {Str+4}
 11070 | D:9      | Found a staircase to the Orcish Mines.
 11080 | D:9      | Noticed a two-headed ogre
 11088 | D:9      | Killed a two-headed ogre
 11114 | D:9      | Reached XP level 11. HP: 81/81 MP: 0/0
 11114 | D:9      | Learned a level 4 spell: Sticky Flame
 11152 | D:9      | Reached * piety under Makhleb
 11206 | D:9      | Found Jocin's General Store.
 11214 | D:9      | Bought a +2 pair of gloves of archery for 236 gold pieces
 11226 | D:9      | Noticed a deep elf pyromancer
 11235 | D:9      | Killed a deep elf pyromancer
 11500 | D:10     | Entered Level 10 of the Dungeon
 11729 | D:10     | Noticed a two-headed ogre
 11742 | D:10     | Killed a two-headed ogre
 12092 | D:10     | Found the +8 Vampire's Tooth {vamp}
 12598 | D:10     | Found a sparkling altar of Nemelex Xobeh.
 12730 | Lair:1   | Entered Level 1 of the Lair of Beasts
 12739 | Lair:1   | Reached skill level 10 in Spellcasting
 12742 | Lair:1   | Reached XP level 12. HP: 85/91 MP: 0/0
 12848 | Lair:1   | Noticed a boulder beetle
 12862 | Lair:1   | Killed a boulder beetle
 12863 | Lair:1   | Reached skill level 10 in Fighting
 12945 | Lair:1   | Reached skill level 5 in Invocations
 13057 | Lair:1   | Reached ** piety under Makhleb
 13421 | Lair:1   | Noticed Nergalle
 13434 | Lair:1   | Killed Nergalle
 13549 | Lair:2   | Noticed a six-headed hydra
 13558 | Lair:2   | Killed a six-headed hydra
 13641 | Lair:2   | Identified the +8 plate armour of Time Monsters {rCorr
                  | Dex+3 Stlth-}
 14353 | Lair:3   | Reached XP level 13. HP: 99/99 MP: 0/0
 14353 | Lair:3   | Learned a level 5 spell: Summon Mana Viper
 14422 | Lair:3   | Reached *** piety under Makhleb
 14491 | Lair:3   | Found a staircase to the Shoals.
 14650 | Lair:3   | Noticed a five-headed hydra
 14661 | Lair:3   | Killed a five-headed hydra
 15321 | Lair:3   | Identified the +2 ring mail of the Pink Corner {rF+ Slay-2
                  | SInv}
 15598 | Lair:4   | Reached skill level 5 in Dodging
 15617 | Lair:4   | Found a hole to the Spider Nest.
 15873 | Lair:4   | Noticed a catoblepas
 15874 | Lair:4   | Noticed a four-headed hydra
 15874 | Lair:4   | Noticed Snorg
 15922 | Lair:4   | Killed a catoblepas
 15930 | Lair:4   | Killed a four-headed hydra
 15991 | Lair:4   | Identified the ring of Sunlight {rElec EV+4 Int-2 Dex+3}
 16210 | Lair:4   | Reached **** piety under Makhleb
 16459 | Lair:3   | Killed Snorg
 16659 | Lair:5   | Reached skill level 1 in Armour
 16680 | Lair:5   | Noticed an eight-headed hydra
 16699 | Lair:5   | Killed an eight-headed hydra
 16753 | Lair:5   | Noticed Nessos
 16775 | Lair:5   | Killed Nessos
 16930 | Lair:5   | Found a staircase to the Slime Pits.
 17028 | Lair:5   | You are sucked into a shaft and drop 1 floor!
 17028 | Lair:6   | Entered Level 6 of the Lair of Beasts
 17088 | Lair:6   | Reached XP level 14. HP: 104/107 MP: 0/0
 18387 | Lair:6   | Reached skill level 10 in Shields
 18787 | Lair:6   | Identified the +6 scale mail of Lesser Demons {rF+}
 19112 | D:11     | Identified the +6 quarterstaff of Qecvoydgh {vorpal, rElec
                  | Will+ Dex+3}
 20056 | D:12     | Noticed Azrael
 20061 | D:12     | Reached XP level 15. HP: 92/113 MP: 0/0
 20061 | D:12     | Learned a level 6 spell: Iron Shot
 20064 | D:12     | Reached ***** piety under Makhleb
 20090 | D:12     | HP: 2/113 [Azrael/damnation (40)]
 20098 | D:12     | Killed from afar by Azrael

Illustrated notes

Levels and vault maps discovered:
D:1:      minmay_arrival_nine_rooms, layout_basic
D:2:      minmay_inner_zag, layout_basic,
          shapermc_ecumenical_altar_mp_ritualfount, hex_large, minmay_tall_x,
          uniq_crazy_yiuf_cottage, uniq_natasha, uniq_robin
D:3:      layout_basic, old_standard_altar, uniq_sigmund, uniq_jessica
D:4:      layout_loops_ring, cheibrodos_sewer_entry_bend, minivault_25,
          minmay_statues_item, minmay_crystal_room, minmay_misc_feat_x
D:5:      layout_basic, st_stairs_12, chequers_decorated_corner
D:6:      layout_loops_ring, uniq_duvessa
D:7:      layout_basic, nicolae_yredelemnul_corpse_copse,
          fedhas_bush_and_centaur_altar, temple_green, kennysheep_minor_cross,
          uniq_prince_ribbit1
D:8:      layout_loops_cross, dpeg_oklobed_lair
D:9:      layout_big_octagon, serial_shops, shop_statue
D:10:     layout_irregular_city, general_overflow_altar,
          kiku_gazebo_pond_becter, minmay_guarded_unrand_vampires_tooth
D:11:     layout_loops_ring
D:12:     layout_basic, uniq_azrael
Temple:   minmay_crystal_spiral_temple
Lair:1:   layout_chaotic_city, nzn_sisyphean_effort, infiniplex_staircase_pool,
          lemuel_fruit_fields, serial_bayou_shore_b, uniq_nergalle
Lair:2:   layout_roguey, pond
Lair:3:   layout_layer_cave, minmay_shoals_entry_lonely_mermaid,
          infiniplex_staircase_pool_2, lemuel_fruit_tree
Lair:4:   layout_cave_shapes, nicolae_spider_entry_tight_spaces,
          grunt_megastairs_2, uniq_snorg
Lair:5:   layout_misc_corridors, nicolae_slime_entry_slimehenge, uniq_nessos
Lair:6:   grunt_lair_end_beastmaster, layout_gridlike, wad_woods_02,
          serial_bayou_shore_a, lemuel_fruit_fields

Skill      XL: |  1  2  3  4  5  6  7  8  9 10 11 12 13 14 |
---------------+-------------------------------------------+-----
Fighting       | 1 2 3 4 5 6 8 9 11 12 | 12.6
Spellcasting   | 4 5 6 8 9 10 11 12 | 12.3
Shields        | 1 2 4 5 6 7 8 9 10 | 10.5
Invocations    | 2 4 6 7 8 |  8.1
Dodging        | 3 6 8 |  8.0
Armour         | 2 4 |  4.0
Stealth        | |  1.5

Action                   |  1- 3 |  4- 6 |  7- 9 | 10-12 | 13-15 || total
-------------------------+-------+-------+-------+-------+-------++-------
Melee: Unarmed           |       |       |     1 |       |       ||     1
       Falchion          |       |       |     2 |       |       ||     2
       Staff             |       |       |       |     6 |    13 ||    19
 Cast: Magic Dart        |    35 |    41 |    37 |    30 |     6 ||   149
       Searing Ray       |     5 |    15 |    64 |    95 |    46 ||   225
       Iskenderun's Myst |       |     2 |     5 |    32 |    57 ||    96
       Fulminant Prism   |       |     1 |       |     4 |     9 ||    14
       Corpse Rot        |       |     1 |       |       |       ||     1
       Sticky Flame      |       |       |       |    18 |   130 ||   148
       Dazzling Flash    |       |       |       |    12 |    25 ||    37
       Tukima's Dance    |       |       |       |     1 |     4 ||     5
       Summon Guardian G |       |       |       |     2 |       ||     2
       Shock             |       |       |       |       |     3 ||     3
Invok: Lesser Servant of |       |       |       |       |     1 ||     1
  Use: Scroll            |     1 |       |    10 |     9 |     7 ||    27
Armor: Robe              |     3 |     6 |    21 |    38 |    31 ||    99
       Ring mail         |       |       |       |       |   106 ||   106
Dodge: Dodged            |    10 |     9 |    37 |    49 |   169 ||   274
Block: Tower shield      |     2 |       |    15 |   109 |   239 ||   365
       Other             |       |       |    13 |       |       ||    13
       Reflection        |       |       |     2 |     4 |     3 ||     9
       Rpst.: Falchion   |       |       |     6 |       |       ||     6

Table legend: (Time is in decaauts)
 A = Elapsed time spent in this place.
 B = Non-inter-level travel time spent in this place.
 C = Inter-level travel time spent in this place.
 D = Time resting spent in this place.
 E = Time spent auto-exploring this place.
 F = Levels seen in this place.
 G = Mean time per level.
                   A        B        C        D        E       F      G
               +--------+--------+--------+--------+--------+-----+--------+
         Total |  20133 |  19170 |    963 |     59 |  15565 |  20 | 1006.7 |
       Dungeon |  13101 |  12456 |    645 |      0 |  10578 |  12 | 1091.8 |
        Temple |    210 |    131 |     79 |      0 |    124 |   1 |  210.0 |
          Lair |   6251 |   6013 |    238 |     59 |   4403 |   6 | 1041.8 |
         Sewer |    569 |    569 |      0 |      0 |    460 |   1 |  569.0 |
               +--------+--------+--------+--------+--------+-----+--------+

Top non-repeatable levels by time:
     D:2: 1985 daAuts
     D:6: 1665 daAuts
  Lair:6: 1348 daAuts
     D:7: 1312 daAuts
  Lair:3: 1239 daAuts
     D:5: 1202 daAuts
    D:10: 1188 daAuts
     D:1: 1169 daAuts
  Lair:4: 1054 daAuts
     D:4: 992 daAuts
  Lair:5: 958 daAuts
     D:3: 910 daAuts
  Lair:1: 889 daAuts
     D:8: 857 daAuts
    D:11: 769 daAuts
